[ AOE2 MATCH · #473377400 ]
UnrankedTatars vs Franks
[ REPLAY ANALYSIS · EXTRACTED FROM THE RECORDED GAME ]
Feudal
12:59
Castle
17:13
Imperial
28:39
| APM avg | 54.2 |
| APM peak | 111 |
| eAPM avg | 28.9 |
| Villagers / military | 167 / 368 |
Focus
⚔️ 49.4% · 🌾 50.6%
Steppe Lancer ×349 · Trebuchet (Packed) ×18 · Spearman ×1
Feudal
8:18
Castle
22:59
Imperial
—
| APM avg | 30.7 |
| APM peak | 63 |
| eAPM avg | 20.6 |
| Villagers / military | 158 / 25 |
Focus
⚔️ 35.5% · 🌾 64.5%
Battering Ram ×16 · Monk ×5 · Scorpion ×3 · Mangonel ×1
Feudal
11:00
Castle
24:17
Imperial
44:14
| APM avg | 57.9 |
| APM peak | 124 |
| eAPM avg | 45.2 |
| Villagers / military | 270 / 232 |
Focus
⚔️ 31.6% · 🌾 68.4%
Spearman ×222 · Bombard Cannon ×7 · Mangonel ×2 · Cataphract ×1
Feudal
9:16
Castle
22:47
Imperial
32:12
| APM avg | 35.1 |
| APM peak | 82 |
| eAPM avg | 20.0 |
| Villagers / military | 149 / 351 |
Focus
⚔️ 30.3% · 🌾 69.7%
Spearman ×292 · Hand Cannoneer ×25 · Monk ×21 · Mangonel ×9 · Trade Cart ×8 · Trebuchet (Packed) ×3
Feudal
8:37
Castle
20:47
Imperial
34:38
| APM avg | 37.5 |
| APM peak | 69 |
| eAPM avg | 22.2 |
| Villagers / military | 170 / 471 |
Focus
⚔️ 41.9% · 🌾 58.1%
Steppe Lancer ×455 · Trebuchet (Packed) ×9 · Monk ×3 · Trade Cart ×3 · Camel Scout ×3 · Spearman ×1
Feudal
10:31
Castle
19:37
Imperial
39:33
| APM avg | 71.1 |
| APM peak | 121 |
| eAPM avg | 42.1 |
| Villagers / military | 173 / 309 |
Focus
⚔️ 43.7% · 🌾 56.3%
Spearman ×193 · Hand Cannoneer ×78 · Conquistador ×19 · Trebuchet (Packed) ×7 · Petard ×4 · Bombard Cannon ×4
Match map
Initial resources + every placement click. Lines = walls · curves = elevation contours. ◆ gold · ⬟ stone · ● berries · ✦ relic · ◌ wall gap
Your base· ✓ Closed at 17:13 · 0t walls · 3 gate(s)
FolderOfDoom's base· ✓ Closed at 22:59 · 0t walls · 3 gate(s)
Ux'Santo Enmascarado's base· ✓ Closed at 24:17 · 46t walls · 2 gate(s)
AkaP's base· ✓ Closed at 22:47 · 2t walls · 2 gate(s)
Emperor in a Bucket's base· ✓ Closed at 20:47 · 0t walls · 3 gate(s)
4 doors more whores's base· ✓ Closed at 19:37 · 20t walls · 2 gate(s)
Smoothed initial terrain · ◌ = detected wall gap · hover for details
Inputs per minute
— Ux'The Lord Daniel - - FolderOfDoom
Build order — Ux'The Lord Daniel
First 150 of 509 actions detected
| 0:01 | Create | Villager (Male) |
| 0:02 | Build | House |
| 0:03 | Build | House |
| 0:11 | Create | Villager (Male) |
| 0:22 | Create | Villager (Male) |
| 0:25 | Create | Villager (Male) |
| 1:35 | Create | Villager (Male) |
| 1:35 | Create | Villager (Male) |
| 1:56 | Create | Villager (Male) |
| 1:56 | Create | Villager (Male) |
| 1:58 | Build | Lumber Camp |
| 2:26 | Create | Villager (Male) |
| 2:33 | Create | Villager (Male) |
| 2:45 | Create | Villager (Male) |
| 3:09 | Create | Villager (Male) |
| 3:29 | Build | Lumber Camp |
| 3:38 | Create | Villager (Male) |
| 3:38 | Create | Villager (Male) |
| 4:00 | Create | Villager (Male) |
| 4:31 | Create | Villager (Male) |
| 4:39 | Create | Villager (Male) |
| 4:40 | Build | House |
| 4:53 | Create | Villager (Male) |
| 4:57 | Build | House |
| 5:20 | Create | Villager (Male) |
| 5:21 | Create | Villager (Male) |
| 5:43 | Create | Villager (Male) |
| 6:00 | Create | Villager (Male) |
| 6:05 | Build | House |
| 6:06 | Build | House |
| 6:07 | Build | House |
| 6:13 | Build | Mill |
| 6:30 | Create | Villager (Male) |
| 7:09 | Create | Villager (Male) |
| 7:28 | Create | Villager (Male) |
| 8:17 | Create | Villager (Male) |
| 8:51 | Create | Villager (Male) |
| 9:09 | Create | Villager (Male) |
| 9:33 | Create | Villager (Male) |
| 9:49 | Create | Villager (Male) |
| 9:54 | Build | Mining Camp |
| 9:58 | Build | Mining Camp |
| 10:03 | Create | Villager (Male) |
| 10:08 | Build | Farm |
| 10:11 | Build | Farm |
| 10:14 | Build | Farm |
| 10:16 | Build | Farm |
| 10:49 | Research | Feudal Age |
| 12:55 | Create | Villager (Male) |
| 12:56 | Create | Villager (Male) |
| 12:59 | Age | Feudal Age |
| 13:01 | Build | Market |
| 13:03 | Build | Blacksmith |
| 14:00 | Create | Villager (Male) |
| 14:33 | Research | Castle Age |
| 14:34 | Research | Castle Age |
| 14:34 | Research | Castle Age |
| 14:59 | Research | Double-Bit Axe |
| 14:59 | Research | Double-Bit Axe |
| 15:35 | Research | Horse Collar |
| 15:35 | Research | Horse Collar |
| 15:42 | Research | Gold Mining |
| 15:42 | Research | Gold Mining |
| 16:28 | Research | Wheelbarrow |
| 16:29 | Research | Wheelbarrow |
| 17:13 | Age | Castle Age |
| 17:27 | Build | Town Center |
| 17:35 | Build | Town Center |
| 17:56 | Build | Town Center |
| 18:04 | Research | Bow Saw |
| 18:04 | Research | Bow Saw |
| 18:05 | Create | Villager (Male) |
| 18:20 | Build | Farm |
| 18:23 | Build | Farm |
| 18:25 | Build | Farm |
| 18:27 | Build | Farm |
| 18:31 | Build | Farm |
| 18:35 | Build | Farm |
| 18:36 | Create | Villager (Male) |
| 18:43 | Create | Villager (Male) |
| 18:52 | Create | Villager (Male) |
| 18:56 | Create | Villager (Male) |
| 19:05 | Create | Villager (Male) |
| 19:08 | Build | House |
| 19:09 | Build | House |
| 19:10 | Build | House |
| 19:13 | Build | House |
| 19:15 | Create | Villager (Male) |
| 19:19 | Build | House |
| 19:21 | Create | Villager (Male) |
| 19:24 | Build | Farm |
| 19:26 | Create | Villager (Male) |
| 19:27 | Create | Villager (Male) |
| 19:29 | Build | Lumber Camp |
| 19:33 | Build | Farm |
| 19:36 | Build | Farm |
| 19:37 | Create | Villager (Male) |
| 19:44 | Build | Farm |
| 19:45 | Build | Farm |
| 19:46 | Build | Farm |
| 19:46 | Build | Farm |
| 19:53 | Create | Villager (Male) |
| 19:55 | Build | Farm |
| 19:57 | Build | Farm |
| 20:04 | Create | Villager (Male) |
| 20:05 | Create | Villager (Male) |
| 20:05 | Create | Villager (Male) |
| 20:12 | Build | Farm |
| 20:18 | Build | Farm |
| 20:19 | Create | Villager (Male) |
| 20:19 | Create | Villager (Male) |
| 20:22 | Create | Villager (Male) |
| 20:23 | Create | Villager (Male) |
| 20:23 | Create | Villager (Male) |
| 20:23 | Create | Villager (Male) |
| 20:23 | Create | Villager (Male) |
| 20:46 | Create | Villager (Male) |
| 20:46 | Create | Villager (Male) |
| 20:46 | Create | Villager (Male) |
| 20:47 | Create | Villager (Male) |
| 20:47 | Create | Villager (Male) |
| 20:50 | Build | Farm |
| 20:53 | Create | Villager (Male) |
| 20:53 | Create | Villager (Male) |
| 20:55 | Build | Farm |
| 21:04 | Create | Villager (Male) |
| 21:10 | Create | Villager (Male) |
| 21:11 | Create | Villager (Male) |
| 21:13 | Build | Farm |
| 21:14 | Create | Villager (Male) |
| 21:16 | Build | Farm |
| 21:17 | Create | Villager (Male) |
| 21:21 | Create | Villager (Male) |
| 21:22 | Create | Villager (Male) |
| 21:24 | Build | House |
| 21:25 | Build | House |
| 21:28 | Build | House |
| 21:30 | Build | House |
| 21:31 | Build | House |
| 21:33 | Create | Villager (Male) |
| 21:33 | Create | Villager (Male) |
| 21:33 | Create | Villager (Male) |
| 21:34 | Create | Villager (Male) |
| 21:42 | Build | Farm |
| 21:47 | Build | Farm |
| 21:51 | Create | Villager (Male) |
| 22:00 | Create | Villager (Male) |
| 22:02 | Build | Farm |
| 22:04 | Create | Villager (Male) |
| 22:14 | Create | Villager (Male) |
Build order — FolderOfDoom
First 150 of 361 actions detected
| 0:02 | Create | Villager (Male) |
| 0:02 | Create | Villager (Male) |
| 0:02 | Create | Villager (Male) |
| 0:02 | Create | Villager (Male) |
| 0:05 | Build | House |
| 0:07 | Build | House |
| 1:43 | Create | Villager (Male) |
| 2:12 | Create | Villager (Male) |
| 2:35 | Create | Villager (Male) |
| 2:48 | Create | Villager (Male) |
| 3:04 | Create | Villager (Male) |
| 3:26 | Create | Villager (Male) |
| 3:44 | Build | Lumber Camp |
| 4:10 | Create | Villager (Male) |
| 4:12 | Research | Loom |
| 4:47 | Build | House |
| 5:06 | Create | Villager (Male) |
| 5:15 | Create | Villager (Male) |
| 5:32 | Build | Mining Camp |
| 6:08 | Research | Feudal Age |
| 6:57 | Create | Villager (Male) |
| 6:57 | Create | Villager (Male) |
| 7:19 | Build | House |
| 8:18 | Age | Feudal Age |
| 8:21 | Build | Watch Tower |
| 8:32 | Build | Palisade Gate |
| 8:47 | Create | Villager (Male) |
| 8:48 | Create | Villager (Male) |
| 9:13 | Create | Villager (Male) |
| 9:25 | Build | House |
| 9:52 | Build | Watch Tower |
| 10:01 | Create | Villager (Male) |
| 10:22 | Build | Watch Tower |
| 10:25 | Create | Villager (Male) |
| 10:26 | Create | Villager (Male) |
| 10:51 | Build | Blacksmith |
| 11:08 | Create | Villager (Male) |
| 11:46 | Create | Villager (Male) |
| 11:53 | Build | Mill |
| 11:58 | Research | Fletching |
| 12:24 | Build | Watch Tower |
| 13:02 | Create | Villager (Male) |
| 13:03 | Create | Villager (Male) |
| 13:22 | Create | Villager (Male) |
| 13:23 | Build | Farm |
| 13:24 | Build | Farm |
| 13:24 | Build | Farm |
| 13:24 | Build | Farm |
| 13:32 | Create | Villager (Male) |
| 14:14 | Create | Villager (Male) |
| 14:15 | Build | Farm |
| 14:17 | Build | House |
| 14:54 | Create | Villager (Male) |
| 14:55 | Build | Farm |
| 15:04 | Build | Farm |
| 15:13 | Create | Villager (Male) |
| 15:27 | Build | House |
| 15:31 | Create | Villager (Male) |
| 16:16 | Create | Villager (Male) |
| 16:21 | Build | Mining Camp |
| 17:13 | Build | Watch Tower |
| 17:28 | Build | Watch Tower |
| 17:40 | Build | House |
| 17:43 | Build | House |
| 17:45 | Build | House |
| 19:14 | Create | Villager (Male) |
| 19:14 | Create | Villager (Male) |
| 19:14 | Create | Villager (Male) |
| 19:29 | Build | Market |
| 20:19 | Research | Castle Age |
| 20:19 | Research | Castle Age |
| 20:49 | Build | Watch Tower |
| 21:39 | Build | Farm |
| 22:21 | Create | Villager (Male) |
| 22:59 | Age | Castle Age |
| 23:08 | Build | University |
| 23:11 | Research | Double-Bit Axe |
| 23:24 | Build | Siege Workshop |
| 23:41 | Create | Villager (Male) |
| 23:41 | Create | Villager (Male) |
| 24:01 | Research | Guard Tower (upgrade) |
| 24:01 | Research | Guard Tower (upgrade) |
| 24:04 | Create | Villager (Male) |
| 24:32 | Create | Mangonel |
| 24:50 | Build | Farm |
| 24:51 | Create | Villager (Male) |
| 25:06 | Create | Villager (Male) |
| 25:32 | Create | Battering Ram |
| 25:33 | Create | Villager (Male) |
| 25:55 | Build | Farm |
| 26:01 | Create | Villager (Male) |
| 26:12 | Create | Villager (Male) |
| 26:14 | Build | Farm |
| 26:54 | Build | Monastery |
| 26:55 | Create | Villager (Male) |
| 27:02 | Build | Farm |
| 27:16 | Create | Monk |
| 27:21 | Build | Watch Tower |
| 27:22 | Create | Villager (Male) |
| 27:23 | Create | Villager (Male) |
| 27:32 | Build | Lumber Camp |
| 27:37 | Build | Stone Wall |
| 27:40 | Build | Stone Wall |
| 27:48 | Build | Stone Wall |
| 27:56 | Create | Monk |
| 27:57 | Create | Villager (Male) |
| 27:59 | Build | Farm |
| 28:18 | Create | Monk |
| 28:19 | Create | Villager (Male) |
| 28:21 | Build | Farm |
| 28:23 | Build | Farm |
| 28:23 | Build | Farm |
| 28:23 | Build | Farm |
| 28:23 | Build | Farm |
| 28:23 | Build | Farm |
| 28:24 | Build | Farm |
| 28:24 | Build | Farm |
| 28:28 | Build | Farm |
| 28:32 | Build | Farm |
| 28:47 | Create | Villager (Male) |
| 28:57 | Build | Farm |
| 28:59 | Build | Farm |
| 29:06 | Build | Farm |
| 29:13 | Build | Farm |
| 29:14 | Build | Farm |
| 29:16 | Create | Villager (Male) |
| 30:23 | Create | Villager (Male) |
| 30:23 | Create | Villager (Male) |
| 30:24 | Create | Villager (Male) |
| 30:34 | Build | Town Center |
| 30:43 | Create | Villager (Male) |
| 30:50 | Build | Town Center |
| 30:52 | Build | House |
| 30:53 | Build | House |
| 31:55 | Build | Watch Tower |
| 31:56 | Create | Villager (Male) |
| 32:00 | Research | Bodkin Arrow |
| 32:00 | Research | Bodkin Arrow |
| 32:14 | Research | Murder Holes |
| 32:14 | Research | Murder Holes |
| 32:45 | Create | Villager (Male) |
| 32:45 | Create | Villager (Male) |
| 32:46 | Create | Villager (Male) |
| 32:46 | Create | Villager (Male) |
| 32:51 | Build | Farm |
| 33:09 | Create | Villager (Male) |
| 33:10 | Create | Villager (Male) |
| 33:10 | Create | Villager (Male) |
| 33:14 | Build | Watch Tower |
| 33:17 | Build | Farm |
Build order — Ux'Santo Enmascarado
First 150 of 785 actions detected
| 0:01 | Create | Villager (Male) |
| 0:01 | Create | Villager (Male) |
| 0:02 | Build | House |
| 0:04 | Build | House |
| 0:12 | Create | Villager (Male) |
| 0:12 | Create | Villager (Male) |
| 1:32 | Create | Villager (Male) |
| 1:32 | Create | Villager (Male) |
| 1:54 | Build | Lumber Camp |
| 2:00 | Create | Villager (Male) |
| 2:21 | Create | Villager (Male) |
| 2:21 | Create | Villager (Male) |
| 2:46 | Create | Villager (Male) |
| 2:47 | Create | Villager (Male) |
| 3:47 | Create | Villager (Male) |
| 3:52 | Build | House |
| 3:53 | Build | House |
| 3:54 | Build | House |
| 4:01 | Create | Villager (Male) |
| 4:01 | Create | Villager (Male) |
| 4:01 | Create | Villager (Male) |
| 4:20 | Build | Mill |
| 4:56 | Create | Villager (Male) |
| 4:56 | Create | Villager (Male) |
| 4:56 | Create | Villager (Male) |
| 4:56 | Create | Villager (Male) |
| 6:06 | Create | Villager (Male) |
| 6:33 | Create | Villager (Male) |
| 6:47 | Create | Villager (Male) |
| 6:48 | Create | Villager (Male) |
| 7:18 | Build | Farm |
| 7:21 | Build | Farm |
| 7:23 | Create | Villager (Male) |
| 7:25 | Build | Farm |
| 7:27 | Create | Villager (Male) |
| 7:34 | Build | Farm |
| 8:25 | Research | Loom |
| 8:45 | Build | Palisade Wall |
| 8:46 | Research | Feudal Age |
| 8:46 | Research | Feudal Age |
| 8:54 | Build | Mining Camp |
| 9:03 | Build | Palisade Wall |
| 9:32 | Build | Palisade Wall |
| 9:37 | Build | Palisade Wall |
| 9:39 | Build | Palisade Wall |
| 9:41 | Build | Palisade Wall |
| 9:47 | Create | Villager (Male) |
| 11:00 | Age | Feudal Age |
| 11:03 | Build | Watch Tower |
| 11:06 | Build | Blacksmith |
| 11:08 | Research | Double-Bit Axe |
| 11:08 | Research | Double-Bit Axe |
| 11:09 | Research | Horse Collar |
| 11:09 | Research | Horse Collar |
| 11:11 | Create | Villager (Male) |
| 11:30 | Build | House |
| 11:49 | Build | Watch Tower |
| 11:51 | Create | Villager (Male) |
| 11:52 | Create | Villager (Male) |
| 11:54 | Research | Fletching |
| 11:54 | Research | Fletching |
| 12:00 | Create | Villager (Male) |
| 12:34 | Create | Villager (Male) |
| 12:59 | Build | Watch Tower |
| 13:04 | Create | Villager (Male) |
| 13:09 | Create | Villager (Male) |
| 13:28 | Create | Villager (Male) |
| 13:35 | Create | Villager (Male) |
| 13:48 | Create | Villager (Male) |
| 13:52 | Create | Villager (Male) |
| 14:45 | Create | Villager (Male) |
| 14:50 | Build | Farm |
| 14:51 | Create | Villager (Male) |
| 14:57 | Build | Market |
| 15:21 | Create | Villager (Male) |
| 15:23 | Build | Farm |
| 15:25 | Create | Villager (Male) |
| 15:39 | Build | Farm |
| 15:39 | Build | Farm |
| 15:39 | Build | Farm |
| 15:40 | Build | Farm |
| 15:40 | Build | Farm |
| 15:41 | Create | Villager (Male) |
| 15:59 | Build | House |
| 16:06 | Build | House |
| 16:12 | Research | Wheelbarrow |
| 16:19 | Build | Lumber Camp |
| 16:39 | Build | House |
| 16:41 | Build | Stone Wall |
| 16:43 | Create | Villager (Male) |
| 17:01 | Build | House |
| 17:01 | Create | Villager (Male) |
| 17:12 | Build | Mining Camp |
| 17:34 | Build | Stone Wall |
| 17:39 | Build | Watch Tower |
| 17:46 | Create | Villager (Male) |
| 17:55 | Build | Watch Tower |
| 17:59 | Create | Villager (Male) |
| 18:07 | Create | Villager (Male) |
| 18:11 | Build | House |
| 19:14 | Build | House |
| 19:25 | Build | Lumber Camp |
| 19:26 | Create | Villager (Male) |
| 19:28 | Build | Farm |
| 19:41 | Create | Villager (Male) |
| 19:56 | Create | Villager (Male) |
| 20:09 | Build | House |
| 20:12 | Build | Farm |
| 20:13 | Build | Farm |
| 20:19 | Create | Villager (Male) |
| 20:30 | Create | Villager (Male) |
| 20:39 | Build | House |
| 20:42 | Build | House |
| 20:43 | Build | House |
| 20:53 | Create | Villager (Male) |
| 21:37 | Research | Castle Age |
| 21:37 | Research | Castle Age |
| 21:42 | Build | Stone Wall |
| 22:19 | Build | Stone Wall |
| 22:32 | Build | Stone Wall |
| 22:50 | Research | Gold Mining |
| 22:59 | Create | Villager (Male) |
| 24:17 | Age | Castle Age |
| 24:21 | Build | Castle |
| 24:33 | Build | Town Center |
| 24:34 | Research | Bow Saw |
| 24:34 | Research | Bow Saw |
| 24:37 | Research | Heavy Plow |
| 24:37 | Research | Heavy Plow |
| 24:38 | Create | Villager (Male) |
| 24:59 | Build | Stone Wall |
| 25:07 | Create | Cataphract |
| 25:10 | Create | Villager (Male) |
| 25:19 | Build | Farm |
| 25:25 | Build | Farm |
| 25:29 | Create | Villager (Male) |
| 25:35 | Build | House |
| 25:46 | Create | Villager (Male) |
| 25:46 | Create | Villager (Male) |
| 25:49 | Create | Villager (Male) |
| 25:50 | Create | Villager (Male) |
| 25:52 | Build | Town Center |
| 25:53 | Create | Villager (Male) |
| 26:03 | Build | Stone Wall |
| 26:10 | Build | House |
| 26:17 | Build | Farm |
| 26:17 | Create | Villager (Male) |
| 26:20 | Create | Villager (Male) |
| 26:28 | Create | Villager (Male) |
| 26:32 | Build | Farm |
Build order — AkaP
First 150 of 460 actions detected
| 0:01 | Create | Villager (Male) |
| 0:02 | Create | Villager (Male) |
| 0:03 | Build | House |
| 0:04 | Build | House |
| 0:21 | Create | Villager (Male) |
| 0:21 | Create | Villager (Male) |
| 1:30 | Create | Villager (Male) |
| 1:30 | Create | Villager (Male) |
| 1:57 | Create | Villager (Male) |
| 2:15 | Create | Villager (Male) |
| 2:15 | Create | Villager (Male) |
| 2:40 | Build | House |
| 2:44 | Create | Villager (Male) |
| 2:45 | Create | Villager (Male) |
| 2:58 | Create | Villager (Male) |
| 3:19 | Build | House |
| 3:21 | Create | Villager (Male) |
| 3:21 | Create | Villager (Male) |
| 3:36 | Create | Villager (Male) |
| 4:03 | Create | Villager (Male) |
| 4:38 | Create | Villager (Male) |
| 4:49 | Create | Villager (Male) |
| 5:15 | Build | Lumber Camp |
| 5:22 | Create | Villager (Male) |
| 5:42 | Create | Villager (Male) |
| 6:23 | Research | Loom |
| 6:54 | Build | Mill |
| 7:06 | Research | Feudal Age |
| 8:46 | Build | Mining Camp |
| 8:49 | Create | Villager (Male) |
| 9:16 | Age | Feudal Age |
| 9:19 | Build | Watch Tower |
| 9:29 | Create | Villager (Male) |
| 9:42 | Research | Double-Bit Axe |
| 9:57 | Create | Villager (Male) |
| 10:16 | Create | Villager (Male) |
| 10:36 | Create | Villager (Male) |
| 11:02 | Build | Watch Tower |
| 11:07 | Create | Villager (Male) |
| 11:19 | Build | Blacksmith |
| 11:38 | Build | House |
| 11:44 | Research | Wheelbarrow |
| 12:23 | Build | Watch Tower |
| 12:34 | Create | Villager (Male) |
| 13:02 | Research | Fletching |
| 13:22 | Build | Palisade Wall |
| 13:25 | Build | Palisade Wall |
| 13:31 | Create | Villager (Male) |
| 13:32 | Create | Villager (Male) |
| 13:37 | Build | Farm |
| 13:39 | Build | Farm |
| 13:40 | Build | Farm |
| 13:40 | Build | Farm |
| 13:41 | Build | Farm |
| 13:41 | Build | Farm |
| 13:41 | Build | Farm |
| 13:42 | Build | Farm |
| 14:00 | Research | Horse Collar |
| 14:24 | Create | Villager (Male) |
| 14:25 | Create | Villager (Male) |
| 14:54 | Create | Villager (Male) |
| 14:54 | Create | Villager (Male) |
| 15:17 | Create | Villager (Male) |
| 15:33 | Build | Mining Camp |
| 15:41 | Create | Villager (Male) |
| 15:57 | Build | House |
| 15:57 | Build | House |
| 16:02 | Research | Town Watch |
| 16:02 | Research | Town Watch |
| 16:17 | Create | Villager (Male) |
| 16:33 | Create | Villager (Male) |
| 16:46 | Build | House |
| 16:49 | Build | House |
| 16:50 | Create | Villager (Male) |
| 17:03 | Build | Market |
| 17:04 | Build | House |
| 17:40 | Create | Villager (Male) |
| 17:50 | Build | Farm |
| 18:08 | Create | Villager (Male) |
| 18:17 | Create | Villager (Male) |
| 18:30 | Build | Mining Camp |
| 18:47 | Create | Villager (Male) |
| 19:15 | Build | House |
| 19:17 | Build | House |
| 19:18 | Build | House |
| 19:29 | Create | Villager (Male) |
| 20:07 | Research | Castle Age |
| 20:16 | Build | House |
| 20:17 | Build | House |
| 20:19 | Build | House |
| 20:23 | Build | House |
| 21:05 | Build | House |
| 21:11 | Build | House |
| 21:12 | Build | House |
| 21:14 | Build | House |
| 21:24 | Build | House |
| 21:29 | Build | Farm |
| 21:33 | Build | Farm |
| 21:42 | Research | Gold Mining |
| 21:55 | Build | Farm |
| 21:59 | Build | Farm |
| 22:06 | Build | Farm |
| 22:10 | Build | Farm |
| 22:19 | Build | House |
| 22:22 | Build | House |
| 22:28 | Build | House |
| 22:35 | Build | House |
| 22:41 | Build | House |
| 22:46 | Create | Villager (Male) |
| 22:47 | Age | Castle Age |
| 23:01 | Build | House |
| 23:03 | Create | Villager (Male) |
| 23:10 | Build | Monastery |
| 23:13 | Create | Villager (Male) |
| 23:16 | Research | Bow Saw |
| 23:24 | Research | Heavy Plow |
| 23:36 | Create | Villager (Male) |
| 23:53 | Create | Villager (Male) |
| 24:03 | Create | Villager (Male) |
| 24:15 | Create | Villager (Male) |
| 24:18 | Build | Town Center |
| 24:27 | Create | Villager (Male) |
| 24:46 | Create | Villager (Male) |
| 25:09 | Build | Lumber Camp |
| 25:17 | Create | Villager (Male) |
| 25:17 | Create | Villager (Male) |
| 25:29 | Create | Villager (Male) |
| 25:33 | Create | Monk |
| 25:46 | Create | Villager (Male) |
| 25:47 | Create | Villager (Male) |
| 25:47 | Create | Villager (Male) |
| 25:57 | Create | Villager (Male) |
| 25:58 | Create | Villager (Male) |
| 26:13 | Build | Town Center |
| 26:15 | Create | Villager (Male) |
| 26:35 | Build | House |
| 26:38 | Build | University |
| 26:39 | Build | House |
| 26:48 | Research | Fervor |
| 26:49 | Research | Sanctity |
| 26:54 | Create | Villager (Male) |
| 26:55 | Create | Villager (Male) |
| 27:01 | Create | Villager (Male) |
| 27:08 | Build | Farm |
| 27:09 | Build | Farm |
| 27:12 | Create | Villager (Male) |
| 27:16 | Build | Farm |
| 27:17 | Build | Farm |
| 27:18 | Build | Farm |
| 27:22 | Build | Farm |
Build order — Emperor in a Bucket
First 150 of 544 actions detected
| 0:00 | Create | Villager (Male) |
| 0:00 | Create | Villager (Male) |
| 0:01 | Build | House |
| 0:02 | Build | House |
| 0:19 | Create | Villager (Male) |
| 0:19 | Create | Villager (Male) |
| 1:42 | Create | Villager (Male) |
| 1:56 | Build | Lumber Camp |
| 2:03 | Create | Villager (Male) |
| 2:35 | Create | Villager (Male) |
| 3:02 | Create | Villager (Male) |
| 3:23 | Create | Villager (Male) |
| 3:45 | Create | Villager (Male) |
| 4:01 | Build | House |
| 4:05 | Build | Mill |
| 4:15 | Create | Villager (Male) |
| 4:42 | Create | Villager (Male) |
| 4:55 | Create | Villager (Male) |
| 5:08 | Create | Villager (Male) |
| 6:00 | Create | Villager (Male) |
| 6:27 | Research | Feudal Age |
| 7:26 | Create | Villager (Male) |
| 8:37 | Age | Feudal Age |
| 8:41 | Build | Town Center |
| 8:44 | Create | Villager (Male) |
| 8:51 | Create | Villager (Male) |
| 9:00 | Research | Double-Bit Axe |
| 9:01 | Create | Villager (Male) |
| 9:11 | Create | Villager (Male) |
| 9:11 | Create | Villager (Male) |
| 9:30 | Build | House |
| 9:35 | Research | Wheelbarrow |
| 9:45 | Create | Villager (Male) |
| 10:12 | Create | Villager (Male) |
| 10:18 | Create | Villager (Male) |
| 10:43 | Research | Horse Collar |
| 10:45 | Create | Villager (Male) |
| 10:49 | Build | Farm |
| 10:51 | Build | Farm |
| 11:10 | Build | Farm |
| 11:17 | Create | Villager (Male) |
| 11:24 | Build | Farm |
| 11:37 | Create | Villager (Male) |
| 11:45 | Create | Villager (Male) |
| 11:46 | Create | Villager (Male) |
| 12:10 | Create | Villager (Male) |
| 12:19 | Create | Villager (Male) |
| 12:24 | Build | Farm |
| 12:25 | Build | Farm |
| 12:32 | Create | Villager (Male) |
| 12:35 | Build | House |
| 12:43 | Create | Villager (Male) |
| 12:55 | Create | Villager (Male) |
| 12:57 | Build | Farm |
| 12:58 | Build | Farm |
| 13:09 | Create | Villager (Male) |
| 13:11 | Build | House |
| 13:12 | Build | House |
| 13:26 | Create | Villager (Male) |
| 13:31 | Build | Farm |
| 13:40 | Create | Villager (Male) |
| 13:41 | Create | Villager (Male) |
| 13:46 | Build | House |
| 13:47 | Build | House |
| 13:47 | Build | House |
| 13:50 | Create | Villager (Male) |
| 13:55 | Build | Mining Camp |
| 14:04 | Create | Villager (Male) |
| 14:15 | Build | Market |
| 14:18 | Create | Villager (Male) |
| 14:26 | Create | Villager (Male) |
| 14:39 | Create | Villager (Male) |
| 14:42 | Build | Farm |
| 14:47 | Create | Villager (Male) |
| 14:55 | Create | Villager (Male) |
| 15:06 | Build | Blacksmith |
| 15:07 | Create | Villager (Male) |
| 15:20 | Build | Farm |
| 15:20 | Create | Villager (Male) |
| 15:25 | Create | Villager (Male) |
| 15:38 | Create | Villager (Male) |
| 15:40 | Build | Farm |
| 15:47 | Build | Farm |
| 15:52 | Build | Farm |
| 15:55 | Build | Farm |
| 16:01 | Build | Farm |
| 16:06 | Build | Farm |
| 16:07 | Create | Villager (Male) |
| 16:09 | Build | House |
| 16:10 | Build | House |
| 16:12 | Create | Villager (Male) |
| 16:22 | Build | Farm |
| 16:27 | Build | Farm |
| 16:28 | Create | Villager (Male) |
| 16:38 | Create | Villager (Male) |
| 16:47 | Build | Farm |
| 17:02 | Build | Farm |
| 17:02 | Build | Farm |
| 17:05 | Create | Villager (Male) |
| 17:07 | Build | Farm |
| 17:13 | Create | Villager (Male) |
| 17:30 | Create | Villager (Male) |
| 17:33 | Build | Barracks |
| 17:34 | Create | Villager (Male) |
| 18:02 | Research | Castle Age |
| 18:15 | Build | Farm |
| 18:16 | Build | Farm |
| 18:20 | Build | Mining Camp |
| 18:22 | Create | Villager (Male) |
| 18:33 | Build | Stable |
| 18:34 | Create | Spearman |
| 18:36 | Create | Villager (Male) |
| 18:39 | Build | Stable |
| 18:42 | Research | Scale Barding Armor |
| 18:49 | Build | House |
| 18:50 | Build | House |
| 18:50 | Build | House |
| 18:55 | Build | Lumber Camp |
| 18:57 | Build | Lumber Camp |
| 19:08 | Research | Gold Mining |
| 19:09 | Create | Villager (Male) |
| 19:17 | Create | Villager (Male) |
| 19:23 | Build | Stable |
| 19:26 | Research | Forging |
| 19:38 | Research | Bloodlines |
| 19:41 | Create | Villager (Male) |
| 19:58 | Research | Loom |
| 20:03 | Create | Villager (Male) |
| 20:11 | Build | Stable |
| 20:12 | Create | Villager (Male) |
| 20:15 | Build | House |
| 20:16 | Build | House |
| 20:19 | Create | Villager (Male) |
| 20:38 | Create | Villager (Male) |
| 20:42 | Create | Villager (Male) |
| 20:47 | Age | Castle Age |
| 20:48 | Create | Steppe Lancer |
| 20:49 | Create | Steppe Lancer |
| 20:49 | Create | Steppe Lancer |
| 20:49 | Create | Steppe Lancer |
| 20:51 | Create | Villager (Male) |
| 20:57 | Research | Bow Saw |
| 21:05 | Build | Farm |
| 21:07 | Build | Farm |
| 21:11 | Build | Lumber Camp |
| 21:15 | Build | Farm |
| 21:19 | Build | Farm |
| 21:19 | Create | Villager (Male) |
| 21:21 | Create | Steppe Lancer |
| 21:21 | Create | Steppe Lancer |
Build order — 4 doors more whores
First 150 of 722 actions detected
| 0:01 | Create | Villager (Male) |
| 0:01 | Create | Villager (Male) |
| 0:02 | Build | House |
| 0:02 | Create | Villager (Male) |
| 0:03 | Build | House |
| 0:03 | Create | Villager (Male) |
| 1:23 | Create | Villager (Male) |
| 1:46 | Build | Lumber Camp |
| 1:53 | Create | Villager (Male) |
| 2:20 | Create | Villager (Male) |
| 2:56 | Create | Villager (Male) |
| 2:56 | Create | Villager (Male) |
| 3:28 | Build | House |
| 3:29 | Build | House |
| 3:33 | Build | House |
| 3:42 | Create | Villager (Male) |
| 3:42 | Create | Villager (Male) |
| 4:28 | Create | Villager (Male) |
| 4:28 | Create | Villager (Male) |
| 5:08 | Build | Mill |
| 5:09 | Create | Villager (Male) |
| 5:09 | Create | Villager (Male) |
| 5:20 | Create | Villager (Male) |
| 6:17 | Create | Villager (Male) |
| 6:17 | Create | Villager (Male) |
| 6:25 | Create | Villager (Male) |
| 6:53 | Create | Villager (Male) |
| 6:53 | Create | Villager (Male) |
| 6:55 | Create | Villager (Male) |
| 6:55 | Create | Villager (Male) |
| 8:04 | Build | Mining Camp |
| 8:18 | Research | Feudal Age |
| 9:23 | Build | Mining Camp |
| 9:26 | Research | Loom |
| 9:35 | Build | Palisade Wall |
| 9:38 | Build | Palisade Wall |
| 9:48 | Build | Palisade Wall |
| 10:06 | Create | Villager (Male) |
| 10:11 | Build | House |
| 10:31 | Age | Feudal Age |
| 10:35 | Build | Watch Tower |
| 10:54 | Build | Watch Tower |
| 11:11 | Create | Villager (Male) |
| 11:11 | Create | Villager (Male) |
| 11:11 | Create | Villager (Male) |
| 11:43 | Build | Stone Wall |
| 12:25 | Build | House |
| 12:42 | Create | Villager (Male) |
| 12:43 | Create | Villager (Male) |
| 12:43 | Create | Villager (Male) |
| 12:56 | Build | Stone Wall |
| 13:24 | Create | Villager (Male) |
| 13:24 | Create | Villager (Male) |
| 13:29 | Build | Market |
| 13:32 | Build | Blacksmith |
| 13:49 | Build | Farm |
| 13:49 | Build | Farm |
| 13:50 | Create | Villager (Male) |
| 14:05 | Build | Palisade Wall |
| 14:26 | Build | Farm |
| 14:30 | Create | Villager (Male) |
| 14:58 | Build | Watch Tower |
| 15:12 | Build | Farm |
| 15:14 | Create | Villager (Male) |
| 15:36 | Build | Farm |
| 16:10 | Create | Villager (Male) |
| 16:12 | Build | Farm |
| 16:57 | Research | Castle Age |
| 16:57 | Research | Castle Age |
| 17:02 | Build | Farm |
| 17:31 | Build | House |
| 17:57 | Build | Farm |
| 17:59 | Build | Farm |
| 18:01 | Build | Farm |
| 19:17 | Create | Villager (Male) |
| 19:37 | Age | Castle Age |
| 19:44 | Build | Castle |
| 19:48 | Create | Villager (Male) |
| 19:54 | Research | Double-Bit Axe |
| 19:57 | Research | Horse Collar |
| 19:58 | Create | Villager (Male) |
| 20:13 | Research | Fletching |
| 20:22 | Create | Villager (Male) |
| 20:35 | Create | Conquistador |
| 20:35 | Create | Conquistador |
| 20:46 | Create | Petard |
| 20:46 | Create | Petard |
| 20:46 | Create | Petard |
| 20:46 | Create | Petard |
| 21:02 | Build | Farm |
| 21:02 | Build | Farm |
| 21:02 | Build | Farm |
| 21:02 | Build | Farm |
| 21:02 | Build | Farm |
| 21:24 | Create | Conquistador |
| 21:46 | Create | Conquistador |
| 21:46 | Create | Conquistador |
| 22:11 | Build | Gate |
| 22:14 | Create | Conquistador |
| 22:15 | Create | Conquistador |
| 22:22 | Create | Villager (Male) |
| 22:23 | Create | Villager (Male) |
| 22:26 | Build | Farm |
| 22:27 | Build | Farm |
| 22:27 | Create | Villager (Male) |
| 22:28 | Create | Villager (Male) |
| 22:46 | Create | Conquistador |
| 22:46 | Create | Conquistador |
| 22:58 | Build | House |
| 23:07 | Create | Conquistador |
| 23:07 | Create | Conquistador |
| 23:17 | Create | Villager (Male) |
| 23:31 | Build | Market |
| 23:36 | Create | Conquistador |
| 23:38 | Build | Town Center |
| 23:41 | Build | House |
| 24:09 | Create | Conquistador |
| 24:09 | Create | Conquistador |
| 24:49 | Build | Palisade Wall |
| 25:11 | Create | Villager (Male) |
| 25:11 | Create | Villager (Male) |
| 25:12 | Create | Villager (Male) |
| 25:15 | Build | Town Center |
| 25:32 | Create | Villager (Male) |
| 25:32 | Create | Villager (Male) |
| 25:36 | Build | Stone Wall |
| 25:48 | Create | Villager (Male) |
| 25:48 | Create | Villager (Male) |
| 25:50 | Build | Farm |
| 25:50 | Build | Farm |
| 25:50 | Build | Farm |
| 25:50 | Build | Farm |
| 25:51 | Build | Farm |
| 25:51 | Build | Farm |
| 25:51 | Build | Farm |
| 26:03 | Create | Villager (Male) |
| 26:03 | Create | Villager (Male) |
| 26:04 | Create | Villager (Male) |
| 26:21 | Create | Villager (Male) |
| 26:21 | Create | Villager (Male) |
| 26:41 | Build | Farm |
| 26:44 | Build | Farm |
| 26:47 | Create | Villager (Male) |
| 26:47 | Create | Villager (Male) |
| 26:48 | Create | Villager (Male) |
| 27:00 | Create | Villager (Male) |
| 27:00 | Create | Villager (Male) |
| 27:01 | Create | Villager (Male) |
| 27:04 | Build | Farm |
| 27:08 | Create | Villager (Male) |
Match timeline
| 8:18 | FolderOfDoom · age_up feudal |
| 8:37 | Emperor in a Bucket · age_up feudal |
| 8:45 | Ux'Santo Enmascarado · wall_segment Palisade Wall x14 |
| 9:03 | Ux'Santo Enmascarado · wall_segment Palisade Wall x3 |
| 9:16 | AkaP · age_up feudal |
| 9:32 | Ux'Santo Enmascarado · wall_segment Palisade Wall x11 |
| 9:35 | 4 doors more whores · wall_segment Palisade Wall x7 |
| 9:37 | Ux'Santo Enmascarado · wall_segment Palisade Wall x2 |
| 9:38 | 4 doors more whores · wall_segment Palisade Wall x7 |
| 9:39 | Ux'Santo Enmascarado · wall_segment Palisade Wall x4 |
| 9:41 | Ux'Santo Enmascarado · wall_segment Palisade Wall x3 |
| 9:48 | 4 doors more whores · wall_segment Palisade Wall x3 |
| 10:31 | 4 doors more whores · age_up feudal |
| 11:00 | Ux'Santo Enmascarado · age_up feudal |
| 11:43 | 4 doors more whores · wall_segment Stone Wall x1 |
| 12:56 | 4 doors more whores · wall_segment Stone Wall x1 |
| 12:59 | Ux'The Lord Daniel · age_up feudal |
| 13:22 | AkaP · wall_segment Palisade Wall x1 |
| 13:25 | AkaP · wall_segment Palisade Wall x1 |
| 14:05 | 4 doors more whores · wall_segment Palisade Wall x1 |
| 15:51 | Ux'The Lord Daniel · first_market_buy 100 stone |
| 16:41 | Ux'Santo Enmascarado · wall_segment Stone Wall x1 |
| 16:54 | 4 doors more whores · first_market_buy 100 food |
| 17:13 | Ux'The Lord Daniel · age_up castle |
| 17:33 | Emperor in a Bucket · first_building Barracks |
| 17:34 | Ux'Santo Enmascarado · wall_segment Stone Wall x2 |
| 17:51 | Emperor in a Bucket · first_market_buy 100 food |
| 18:33 | Emperor in a Bucket · first_building Stable |
| 19:24 | AkaP · first_market_sell 500 wood |
| 19:25 | AkaP · first_market_buy 100 food |
| 19:35 | Ux'Santo Enmascarado · first_market_sell 100 stone |
| 19:36 | Ux'Santo Enmascarado · first_market_buy 100 food |
| 19:37 | 4 doors more whores · age_up castle |
| 19:44 | 4 doors more whores · first_building Castle |
| 20:18 | FolderOfDoom · first_market_sell 100 wood |
| 20:43 | 4 doors more whores · first_market_sell 100 stone |
| 20:47 | Emperor in a Bucket · age_up castle |
| 21:42 | Ux'Santo Enmascarado · wall_segment Stone Wall x3 |
| 22:19 | Ux'Santo Enmascarado · wall_segment Stone Wall x1 |
| 22:32 | Ux'Santo Enmascarado · wall_segment Stone Wall x3 |
| 22:47 | AkaP · age_up castle |
| 22:59 | FolderOfDoom · age_up castle |
| 23:10 | AkaP · first_building Monastery |
| 23:24 | FolderOfDoom · first_building Siege Workshop |
| 23:54 | FolderOfDoom · first_market_buy 100 wood |
| 24:10 | Ux'The Lord Daniel · first_building Siege Workshop |
| 24:17 | Ux'Santo Enmascarado · age_up castle |
| 24:21 | Ux'Santo Enmascarado · first_building Castle |
| 24:49 | 4 doors more whores · wall_segment Palisade Wall x1 |
| 24:59 | Ux'Santo Enmascarado · wall_segment Stone Wall x2 |
| 25:36 | 4 doors more whores · wall_segment Stone Wall x1 |
| 26:03 | Ux'Santo Enmascarado · wall_segment Stone Wall x1 |
| 26:42 | Ux'The Lord Daniel · first_building Barracks |
| 26:51 | Ux'The Lord Daniel · first_building Castle |
| 26:54 | FolderOfDoom · first_building Monastery |
| 26:56 | Ux'The Lord Daniel · wall_segment Stone Wall x1 |
| 26:59 | Ux'The Lord Daniel · wall_segment Palisade Wall x1 |
| 27:07 | Ux'The Lord Daniel · wall_segment Stone Wall x1 |
| 27:20 | Ux'Santo Enmascarado · first_building Siege Workshop |
| 27:31 | Ux'The Lord Daniel · wall_segment Stone Wall x1 |
| 27:33 | Ux'The Lord Daniel · wall_segment Stone Wall x1 |
| 27:37 | Ux'The Lord Daniel · wall_segment Stone Wall x1 |
| 27:37 | FolderOfDoom · wall_segment Stone Wall x1 |
| 27:39 | Ux'The Lord Daniel · wall_segment Stone Wall x1 |
| 27:40 | FolderOfDoom · wall_segment Stone Wall x3 |
| 27:48 | FolderOfDoom · wall_segment Stone Wall x1 |
| 27:56 | Ux'The Lord Daniel · wall_segment Stone Wall x1 |
| 28:06 | Ux'The Lord Daniel · first_building Stable |
| 28:13 | Emperor in a Bucket · first_building Monastery |
| 28:39 | Ux'The Lord Daniel · age_up imperial |
| 28:56 | Ux'The Lord Daniel · wall_segment Stone Wall x4 |
| 29:21 | Ux'Santo Enmascarado · first_building Barracks |
| 29:54 | AkaP · first_building Barracks |
| 30:10 | AkaP · first_building Siege Workshop |
| 31:24 | AkaP · first_building Castle |
| 32:12 | AkaP · age_up imperial |
| 34:14 | Emperor in a Bucket · first_building Castle |
| 34:32 | 4 doors more whores · first_building Barracks |
| 34:38 | Emperor in a Bucket · age_up imperial |
| 34:42 | Emperor in a Bucket · first_market_sell 100 stone |
| 36:29 | AkaP · tribute_sent a jugador 1 |
| 36:29 | AkaP · tribute_sent a jugador 2 |
| 36:29 | AkaP · tribute_sent a jugador 4 |
| 36:29 | AkaP · tribute_sent a jugador 5 |
| 36:29 | AkaP · tribute_sent a jugador 6 |
| 36:29 | Emperor in a Bucket · tribute_sent a jugador 1 |
| 36:29 | Emperor in a Bucket · tribute_sent a jugador 2 |
| 36:29 | Emperor in a Bucket · tribute_sent a jugador 3 |
| 36:29 | Emperor in a Bucket · tribute_sent a jugador 4 |
| 36:29 | Emperor in a Bucket · tribute_sent a jugador 6 |
| 36:35 | FolderOfDoom · wall_segment Stone Wall x1 |
| 36:57 | FolderOfDoom · wall_segment Stone Wall x1 |
| 37:19 | FolderOfDoom · first_building Castle |
| 37:26 | Ux'The Lord Daniel · wall_segment Stone Wall x1 |
| 38:07 | FolderOfDoom · wall_segment Stone Wall x1 |
| 39:33 | 4 doors more whores · age_up imperial |
| 39:44 | 4 doors more whores · first_building Archery Range |
| 41:01 | 4 doors more whores · tribute_sent a jugador 1 |
| 41:01 | Ux'The Lord Daniel · tribute_sent a jugador 1 |
| 41:01 | Ux'The Lord Daniel · tribute_sent a jugador 2 |
| 41:01 | Ux'The Lord Daniel · tribute_sent a jugador 3 |
| 41:01 | Ux'The Lord Daniel · tribute_sent a jugador 5 |
| 41:01 | Ux'The Lord Daniel · tribute_sent a jugador 6 |
| 41:01 | 4 doors more whores · tribute_sent a jugador 2 |
| 41:01 | 4 doors more whores · tribute_sent a jugador 3 |
| 41:01 | 4 doors more whores · tribute_sent a jugador 4 |
| 41:01 | 4 doors more whores · tribute_sent a jugador 5 |
| 41:41 | Ux'Santo Enmascarado · wall_segment Stone Wall x1 |
| 41:42 | Ux'Santo Enmascarado · wall_segment Stone Wall x1 |
| 42:05 | 4 doors more whores · first_building Siege Workshop |
| 44:14 | Ux'Santo Enmascarado · age_up imperial |
| 44:35 | AkaP · first_building Archery Range |
| 46:01 | Ux'Santo Enmascarado · wall_segment Stone Wall x1 |
| 47:21 | Emperor in a Bucket · wall_segment Palisade Wall x1 |
| 47:22 | Emperor in a Bucket · wall_segment Palisade Wall x1 |
| 47:45 | Ux'The Lord Daniel · first_market_sell 500 food |
| 47:48 | Ux'Santo Enmascarado · wall_segment Stone Wall x1 |
| 49:17 | Emperor in a Bucket · tribute_sent a jugador 1 |
| 49:17 | Emperor in a Bucket · tribute_sent a jugador 2 |
| 49:17 | Emperor in a Bucket · tribute_sent a jugador 3 |
| 49:17 | Emperor in a Bucket · tribute_sent a jugador 4 |
| 49:17 | Emperor in a Bucket · tribute_sent a jugador 6 |
| 49:18 | 4 doors more whores · tribute_sent a jugador 1 |
| 49:18 | 4 doors more whores · tribute_sent a jugador 2 |
| 49:18 | 4 doors more whores · tribute_sent a jugador 3 |
| 49:18 | 4 doors more whores · tribute_sent a jugador 4 |
| 49:18 | 4 doors more whores · tribute_sent a jugador 5 |
| 49:19 | AkaP · tribute_sent a jugador 1 |
| 49:19 | AkaP · tribute_sent a jugador 2 |
| 49:19 | AkaP · tribute_sent a jugador 4 |
| 49:19 | AkaP · tribute_sent a jugador 5 |
| 49:19 | AkaP · tribute_sent a jugador 6 |
| 49:30 | Emperor in a Bucket · tribute_sent a jugador 1 |
| 49:30 | Emperor in a Bucket · tribute_sent a jugador 2 |
| 49:30 | Emperor in a Bucket · tribute_sent a jugador 3 |
| 49:30 | Emperor in a Bucket · tribute_sent a jugador 4 |
| 49:30 | Emperor in a Bucket · tribute_sent a jugador 6 |
| 49:31 | AkaP · tribute_sent a jugador 1 |
| 49:31 | AkaP · tribute_sent a jugador 2 |
| 49:31 | AkaP · tribute_sent a jugador 4 |
| 49:31 | AkaP · tribute_sent a jugador 5 |
| 49:31 | AkaP · tribute_sent a jugador 6 |
| 52:55 | FolderOfDoom · wall_segment Stone Wall x1 |
| 52:56 | FolderOfDoom · wall_segment Stone Wall x1 |
| 53:01 | FolderOfDoom · wall_segment Stone Wall x1 |
| 53:14 | FolderOfDoom · wall_segment Stone Wall x1 |
| 53:15 | FolderOfDoom · wall_segment Stone Wall x1 |
| 54:57 | FolderOfDoom · resign |
[ AI ANALYSIS · 1 CREDIT ]
What really happened in this match?
Wolo.gg analyzes every decision: build order, eco, micro, common mistakes by bracket. Personalized analysis on WhatsApp or Discord in 30 seconds.
Civ guide
Tatars
Perfil
Jugador #2703822